 Dungeon Crawl Stone Soup version 0.19.1-1-g22dce08 (webtiles) character file.

153 theAP the Ruffian (level 5, -1/54 HPs)
             Began as a Troll Fighter on Jan 15, 2017.
             Slain by an orc (3 damage)
             ... on level 3 of the Dungeon.
             The game lasted 00:02:58 (1138 turns).

theAP the Ruffian (Troll Fighter)                   Turns: 1138, Time: 00:02:59

Health: -1/54      AC:  5    Str: 30    XL:     5   Next: 12%
Magic:  4/4        EV: 13    Int:  4    God:
Gold:   78         SH: 10    Dex: 16    Spells: 0 memorised, 4 levels left

rFire  . . .     SeeInvis +       - Unarmed
rCold  . . .     Gourm    +     a - +0 robe
rNeg   . . .     Faith    .     b - +0 shield
rPois  .         Spirit   .     (helmet restricted)
rElec  .         Reflect  .     (no cloak)
rCorr  .         Harm     .     (gloves unavailable)
MR     .....     Rnd*Tele +     (boots unavailable)
Stlth  +++.......               (no amulet)
                                (no ring)
                                o - ring of stealth

@: mighty, agile
A: unfitting armour, claws 3, see invisible, agile 1, fast metabolism 3,
gourmand, regeneration 1, shaggy fur 1, teleportitis 1, tough skin 2
a: no special abilities


You were on level 3 of the Dungeon.
You were completely stuffed.

You visited 1 branch of the dungeon, and saw 3 of its levels.

You collected 78 gold pieces.

Inventory:

Armour
 a - a +0 robe (worn)
 b - a +0 shield (worn)
Jewellery
 o - a ring of stealth (left claw)
Wands
 e - a wand of polymorph (17/24)
Scrolls
 j - 3 scrolls of identify
 l - a scroll of teleportation {unknown}
 n - a scroll of amnesia {unknown}
 p - a scroll of immolation {unknown}
Potions
 c - a potion of might
 g - 3 potions of flight
 i - 2 potions of brilliance
Comestibles
 d - 2 bread rations
 f - a beef jerky
 h - a meat ration


   Skills:
 + Level 3.8 Fighting
 - Level 2.4 Dodging
 - Level 2.4 Shields
 + Level 4.0 Unarmed Combat


You had 4 spell levels left.
You didn't know any spells.

Dungeon Overview and Level Annotations

Branches:
Dungeon (3/15)

Altars:
Dithmenos
Kikubaaqudgha


Innate Abilities, Weirdness & Mutations

You are too large for most types of armour.
You have claws for hands.
Your metabolism is lightning-fast.
You like to eat raw meat.
Your natural rate of healing is unusually fast.
You are covered in fur. (AC +1)
You have very tough skin. (AC +2)
You have supernaturally acute eyesight. (SInv)
You are agile. (Dex +2)
You are occasionally teleported next to monsters.


Message History

The orc wizard mumbles some strange words.
The orc wizard seems to speed up.
You block the orc's attack. The goblin barely misses you.
The orc closely misses you. The orc hits you but does no damage. x2
The orc wizard casts a spell.
The orc shouts!
You claw the worm!
The worm is almost dead.
The goblin closely misses you. The orc hits you.
* * * LOW HITPOINT WARNING * * *
The orc hits you but does no damage. You block the orc's attack.
The orc wizard mumbles some strange words.
The worm bites you.
* * * LOW HITPOINT WARNING * * *
You block the orc's attack. The orc hits you with a war axe.
* * * LOW HITPOINT WARNING * * *
You barely miss the worm.
The worm is almost dead.
You block the goblin's attack. The orc hits you.
You die...

...............
.................(
......o...........
..................
###
.....o............
#..
.......$..........
#.#
.......o..).......
#.#
......ogo.........
#.#
.....oo@o.........
#>#
......o.w.........
#.#
######......[.....
#.# ###########.#
#.#.. # #....
##### # # #


You could see a worm, an orc wizard, 8 orcs and a goblin.

Vanquished Creatures
  A sky beast (D:3)
  An adder (D:2)
  2 dart slugs (D:1)
  4 leopard geckos
  2 orcs (D:3)
  2 bat zombies (D:2)
  A giant cockroach (D:2)
  2 goblins
  3 hobgoblins
  4 jackals (D:2)
  A ball python (D:2)
  5 bats
  A frilled lizard (D:2)
  5 kobolds
  6 rats
40 creatures vanquished.

Notes
Turn   | Place    | Note
-------+----------+-------------------------------------------
     0 | D:1      | theAP the Troll Fighter began the quest for the Orb.
     0 | D:1      | Reached XP level 1. HP: 22/22 MP: 0/0
   235 | D:1      | Reached XP level 2. HP: 29/29 MP: 1/1
   433 | D:1      | Gained mutation: You are agile. (Dex +2) [potion of mutation]
   433 | D:1      | Gained mutation: You are occasionally teleported next to monsters. [potion of mutation]
   433 | D:1      | Gained mutation: You have supernaturally acute eyesight. (SInv) [potion of mutation]
   470 | D:2      | Found a shadowy altar of Dithmenos.
   651 | D:2      | Reached XP level 3. HP: 32/37 MP: 2/2
   729 | D:2      | Reached skill level 3 in Unarmed Combat
  1026 | D:2      | Found an ancient bone altar of Kikubaaqudgha.
  1122 | D:3      | Noticed a sky beast
  1131 | D:3      | Killed a sky beast
  1131 | D:3      | Reached skill level 4 in Unarmed Combat
  1131 | D:3      | Reached XP level 4. HP: 26/48 MP: 3/3
  1131 | D:3      | Reached XP level 5. HP: 29/54 MP: 4/4
  1137 | D:3      | HP: 1/54 [orc/war axe (4)]
  1138 | D:3      | Slain by an orc

Skill      XL: |  1  2  3 |
---------------+----------+-----
Fighting       | 3 |  3.8
Unarmed Combat | 4 |  4.0
Dodging        | |  2.4
Shields        | |  2.4

Action                   |  1- 3 |  4- 6 || total
-------------------------+-------+-------++-------
Melee: Unarmed           |   105 |     6 ||   111
  Use: Scroll            |     5 |       ||     5
       Potion            |     2 |     1 ||     3
 Stab: Sleeping          |     1 |       ||     1
  Eat: Chunk             |    16 |       ||    16
Armor: Robe              |    32 |     7 ||    39
Dodge: Dodged            |    30 |     7 ||    37
Block: Shield            |    61 |    11 ||    72
